 Dungeon Sprint DCSS version 0.27.1-33-g824d729ab1 (webtiles) character file.

Game seed: 1280041721124848633

424 manyhoops the Unseen (level 6, -5/36 HPs)
             Began as an Octopode Enchanter on Nov 29, 2021.
             Slain by a slime creature (14 damage)
             ... in the Dungeon (Sprint I: "Red Sonja").
             The game lasted 00:01:47 (327 turns).

manyhoops the Unseen (Octopode Enchanter)            Turns: 327, Time: 00:01:48

Health: -5/36      AC:  1    Str:  7    XL:     6   Next: 96%
Magic:  3/9        EV: 13    Int: 17    God:
Gold:   260        SH:  0    Dex: 15    Spells: 6/9 levels left

rFire    . . .     SeeInvis .   a - +1 dagger
rCold    . . .     Faith    .   (no shield)
rNeg     . . .     Spirit   .   (helmet restricted)
rPois    .         Reflect  .   (no amulet)
rElec    .         Harm     .   (no ring)
rCorr    .         Rampage  .   (no ring)
Will     .....     NoTele   +   (no ring)
Stlth    +++++++...             (no ring)
HPRegen  0.12/turn              (no ring)
MPRegen  0.11/turn              (no ring)
                                (no ring)
                                (no ring)

@: very slightly contaminated
A: almost no armour, amphibious, 8 rings, camouflage 1, gelatinous body 1,
(nimble swimmer 1), tentacles
a: no special abilities


You were in the Dungeon.
You visited 1 branch You collected 331 gold pieces.
You spent 71 gold pieces at shops.

Inventory:

Hand Weapons
 a - a +1 dagger (weapon)
Scrolls
 g - a scroll of blinking
 h - a scroll of identify
Potions
 b - a potion of curing
 d - a potion of haste
 e - a potion of magic
 f - a potion of berserk rage


   Skills:
 - Level 3.3 Short Blades
 - Level 2.0 Dodging
 + Level 16.4 Stealth
 - Level 2.0 Spellcasting
 - Level 7.4 Hexes


You had 6 spell levels left.
You knew the following spells:

 Your Spells              Type           Power      Damage    Failure   Level
a - Corona                Hex            30%        N/A       1%          1
b - Ensorcelled Hibernat  Hex/Ice        28%        N/A       6%          2

Your spell library contained the following spells:

 Spells                   Type           Power      Damage    Failure   Level
 Confusing Touch          Hex            27%        N/A       2%          3
 Tukima's Dance           Hex            27%        N/A       2%          3
 Dazzling Flash           Conj/Hex       28%        N/A       13%         3


Dungeon Overview and Level Annotations

Branches:
Dungeon (1/1)

Altars:
Cheibriados
Dithmenos
Elyvilon
Fedhas
Gozag
Hepliaklqana
Kikubaaqudgha
Makhleb
Nemelex Xobeh
Okawaru
Qazlal
Ru
Sif Muna
Trog
Uskayaw
Vehumet
Wu Jian
Xom
Yredelemnul
Zin
The Shining One
Jiyva
Lugonu

Shops:
D *


Innate Abilities, Weirdness & Mutations

You cannot wear most types of armour.
You are amphibious.
You can wear up to eight rings at the same time.
Your skin changes colour to match your surroundings (Stealth+).
Your rubbery body absorbs attacks. (AC +1, EV +1)
((You are camouflaged near water. (Stealth+)))
You have tentacles for arms and can constrict up to eight enemies at once.


Message History

Nothing appears to happen.
The slime creature closely misses you.
Casting: Ensorcelled Hibernation (safe; 6% risk of failure)
Confirm with . or Enter, or press ? or * to list all spells.
Aiming: Ensorcelled Hibernation (safe; 6% risk of failure)
Press: ? - help, Shift-Dir - straight line, f/p - slime creature
Aim: a slime creature (chance to affect: 28%)
The slime creature easily resists.
The slime creature hits you.
* * * LOW HITPOINT WARNING * * *
Casting: Ensorcelled Hibernation (safe; 6% risk of failure)
Confirm with . or Enter, or press ? or * to list all spells.
Aiming: Ensorcelled Hibernation (safe; 6% risk of failure)
Press: ? - help, Shift-Dir - straight line, f/p - slime creature
Aim: a slime creature (chance to affect: 28%)
The slime creature easily resists.
The slime creature barely misses you. Magic courses through your body.
The slime creature barely misses you.
Your magical contamination has completely faded away.
There is an open door, spattered with blood here.
You see here a yak corpse.
Casting: Ensorcelled Hibernation (safe; 6% risk of failure)
Confirm with . or Enter, or press ? or * to list all spells.
Aiming: Ensorcelled Hibernation (safe; 6% risk of failure)
Press: ? - help, Shift-Dir - straight line, f/p - slime creature
Aim: a slime creature (chance to affect: 28%)
The slime creature easily resists.
The slime creature hits you but does no damage.
Casting: Ensorcelled Hibernation (safe; 6% risk of failure)
Confirm with . or Enter, or press ? or * to list all spells.
Aiming: Ensorcelled Hibernation (safe; 6% risk of failure)
Press: ? - help, Shift-Dir - straight line, f/p - slime creature
Aim: a slime creature (chance to affect: 28%)
The slime creature easily resists.
The slime creature barely misses you.
Casting: Ensorcelled Hibernation (safe; 6% risk of failure)
Confirm with . or Enter, or press ? or * to list all spells.
Aiming: Ensorcelled Hibernation (safe; 6% risk of failure)
Press: ? - help, Shift-Dir - straight line, f/p - slime creature
Aim: a slime creature (chance to affect: 28%)
You miscast Ensorcelled Hibernation.
You are very lightly contaminated with residual magic.
Nothing appears to happen.
The slime creature hits you!
You die...

###################******
#<.#.)'..#.)'..#__#,,+,,,
#..'..#.)'..#..'..+,,*,,,
#..#####'#####'#__#***,,,
#..####..#...#.####,,****
#..#__####..##.#≈≈≈,,*,,*
#..#_____##'#_.+≈≈≈,,+,,*
#⌠⌠#_.∩.@J†..._#≈≈≈,,*,,*
####_..__##_.#'#*+*****+*
*,,#_____###+#[#,,,,***,+
***#######**,###*+***,***
*∩^,,,,,,,+,,,+,,,,,+,∩**
***++++****,,,***********
*,,,,,,,****,***,,,,,,,**
*,,,,,,,,*,*+*,*,,,,,,,,+
*,,*,,,,,*,,,,,*+++******


You could see a slime creature.

Vanquished Creatures
  Sigmund (D)
  A yak (D)
  An ogre (D)
  A jelly (D)
  Ijyb (D)
5 creatures vanquished.

Notes
Turn   | Place    | Note
-------+----------+-------------------------------------------
     0 | D        | manyhoops the Octopode Enchanter began the quest for the
                  | Orb.
     0 | D        | Reached XP level 1. HP: 11/11 MP: 3/3
     1 | D        | Noticed Ijyb
    13 | D        | Killed Ijyb
    14 | D        | Reached skill level 9 in Stealth
    14 | D        | Reached XP level 2. HP: 5/17 MP: 5/5
    14 | D        | Reached XP level 3. HP: 6/21 MP: 6/6
   221 | D        | Noticed an ogre
   224 | D        | Killed an ogre
   225 | D        | Reached skill level 13 in Stealth
   225 | D        | Reached XP level 4. HP: 27/27 MP: 7/7
   226 | D        | Noticed Sigmund
   229 | D        | Killed Sigmund
   230 | D        | Reached skill level 16 in Stealth
   230 | D        | Reached XP level 5. HP: 31/31 MP: 8/8
   230 | D        | Reached XP level 6. HP: 36/36 MP: 9/9
   255 | D        | Found an ornate altar of the Wu Jian Council.
   255 | D        | Found a shimmering blue altar of Sif Muna.
   257 | D        | Found a radiant altar of Vehumet.
   285 | D        | Learned a level 2 spell: Ensorcelled Hibernation
   287 | D        | Found Wullesh's General Store.
   287 | D        | Found an ancient bone altar of Kikubaaqudgha.
   287 | D        | Found a hazy altar of Hepliaklqana.
   287 | D        | Found a stormy altar of Qazlal.
   287 | D        | Found a hide-covered altar of Uskayaw.
   287 | D        | Found a blossoming altar of Fedhas.
   287 | D        | Found a bloodstained altar of Trog.
   287 | D        | Found an iron altar of Okawaru.
   287 | D        | Found a basalt altar of Yredelemnul.
   287 | D        | Found a glowing golden altar of the Shining One.
   287 | D        | Found a snail-covered altar of Cheibriados.
   287 | D        | Found a sacrificial altar of Ru.
   287 | D        | Found a glowing silver altar of Zin.
   287 | D        | Found a shadowy altar of Dithmenos.
   287 | D        | Found a white marble altar of Elyvilon.
   287 | D        | Noticed a yak
   289 | D        | Killed a yak
   290 | D        | Found an opulent altar of Gozag.
   291 | D        | Found a sparkling altar of Nemelex Xobeh.
   295 | D        | Bought a scroll of magic mapping for 45 gold pieces
   295 | D        | Bought a scroll of identify for 26 gold pieces
   308 | D        | Found a viscous altar of Jiyva.
   308 | D        | Found a corrupted altar of Lugonu.
   308 | D        | Noticed a slime creature
   309 | D        | Found a burning altar of Makhleb.
   309 | D        | Found a shimmering altar of Xom.
   327 | D        | Slain by a slime creature

Illustrated notes

Levels and vault maps discovered:
D:        dungeon_sprint_1 [red_sonja_temple_1, red_sonja_temple_small_1]

Skill      XL: |  1  2  3  4  5  6 |
---------------+-------------------+-----
Stealth        | 9 13 16 | 16.4
Short Blades   | 3 |  3.3
Hexes          | 7 |  7.4
Dodging        | |  2.0
Spellcasting   | |  2.0

Action                   |  1- 3 |  4- 6 || total
-------------------------+-------+-------++-------
Melee: Dagger            |    10 |     3 ||    13
       Constrict         |     1 |       ||     1
       Tentacles         |     1 |       ||     1
 Cast: Ensorcelled Hiber |       |     7 ||     7
  Use: Potion            |     1 |     1 ||     2
       Scroll            |       |     1 ||     1
 Stab: Sleeping          |     2 |     3 ||     5
Armor: Skin              |       |     1 ||     1
Dodge: Dodged            |     2 |     4 ||     6
